 Dungeon Crawl Stone Soup version 0.21.1-1-g345015f (webtiles) character file.

61 nicolaieve the Chopper (level 3, -6/34 HPs)
             Began as a Minotaur Berserker on July 6, 2018.
             Was a Follower of Trog.
             Mangled by a gnoll (8 damage)
             ... on level 3 of the Dungeon.
             The game lasted 00:03:30 (1765 turns).

nicolaieve the Chopper (Minotaur Berserker)         Turns: 1765, Time: 00:03:31

Health: -6/34      AC:  2    Str: 22    XL:     3   Next: 83%
Magic:  2/2        EV:  6    Int:  4    God:    Trog [*.....]
Gold:   139        SH:  0    Dex:  9    Spells: 2/2 levels left

rFire    . . .     SeeInvis .   f - +2 hand axe (pain)
rCold    . . .     Gourm    .   (no shield)
rNeg     . . .     Faith    .   b - +0 animal skin
rPois    .         Spirit   .   (helmet restricted)
rElec    .         Reflect  .   (no cloak)
rCorr    .         Harm     .   (no gloves)
MR       .....                  (no boots)
Stlth    +.........             (no amulet)
HPRegen  0.11/turn              (no ring)
MPRegen  0.08/turn              (no ring)

@: held
A: retaliatory headbutt, horns 2
a: Berserk, Burn Spellbooks, Renounce Religion


You were on level 3 of the Dungeon.
You worshipped Trog.
Trog was aware of your devotion.
You were not hungry.

You visited 1 branch of the dungeon, and saw 3 of its levels.

You collected 139 gold pieces.

Inventory:

Hand Weapons
 f - a +2 hand axe of pain (weapon)
Armour
 b - a +0 animal skin (worn)
Jewellery
 l - an uncursed ring of see invisible {unknown}
Scrolls
 e - 4 scrolls of remove curse {unknown}
 g - a scroll of teleportation {unknown}
 i - a scroll of magic mapping {unknown}
 j - 2 scrolls of enchant armour {unknown}
 k - 4 scrolls of identify {unknown}
Potions
 a - a potion of brilliance {unknown}
 d - 2 potions of curing {unknown}
 h - a potion of degeneration {unknown}
Comestibles
 c - 4 rations
 m - 2 chunks of flesh


   Skills:
 + Level 4.3 Fighting
 * Level 5.2 Axes
 + Level 2.6 Armour
 - Level 2.1 Dodging


You had 2 spell levels left.
You didn't know any spells.

Dungeon Overview and Level Annotations

Branches:
Dungeon (3/15)

Altars:
Wu Jian


Innate Abilities, Weirdness & Mutations

You reflexively headbutt those who attack you in melee.
You have a pair of horns on your head.


Message History

A gnoll comes into view. It is wielding a halberd.
You feel sick.
You are no longer poisoned.
The gnoll shouts!
A giant cockroach and a gnoll come into view.
The gnoll shouts!
The gnoll throws a throwing net.
The throwing net hits you.
You become entangled in the net!
The gnoll barely misses you.
You see here a throwing net.
You struggle against the net.
The giant cockroach closely misses you.
The gnoll moves out of view.
The gnoll hits you with a halberd.
You struggle against the net.
The giant cockroach bites you.
* * * LOW HITPOINT WARNING * * *
The giant cockroach barely misses you. The gnoll hits you with a halberd!
* * * LOW HITPOINT WARNING * * *
Unknown command.
Unknown command.
Unknown command.
You struggle against the net.
The gnoll hits you!
You die...

#..# ####.####
###.......#####
...........>..#
#####.###.##.##.##
#.....<..........#
#.#.......##.#..##
#.###....###.#...#
#@# #####....#####
#..ggs.......####
#.#....####### #
..#..# ... ..#
#### .## .# .#


You could see 2 gnolls and a giant cockroach.

Vanquished Creatures
  A worker ant (D:3)
  An adder (D:2)
  A dart slug (D:1)
  5 bats
  2 giant cockroaches
  3 goblins (D:1)
  5 hobgoblins (D:1)
  3 kobolds (D:1)
  A ball python (D:3)
  2 frilled lizards (D:2)
  2 rats (D:1)
26 creatures vanquished.

Notes
Turn   | Place    | Note
-------+----------+-------------------------------------------
     0 | D:1      | nicolaieve the Minotaur Berserker began the quest for the Orb.
     0 | D:1      | Reached XP level 1. HP: 19/19 MP: 0/0
   139 | D:1      | Reached skill level 4 in Axes
   139 | D:1      | Reached XP level 2. HP: 24/27 MP: 1/1
   923 | D:2      | Reached XP level 3. HP: 32/33 MP: 2/2
  1163 | D:2      | Found an ornate altar of the Wu Jian Council.
  1731 | D:3      | Reached skill level 5 in Axes
  1765 | D:3      | Mangled by a gnoll

Skill      XL: |  1  2  3 |
---------------+----------+-----
Axes           | 4 5 |  5.2
Fighting       | 4 |  4.3
Armour         | |  2.6
Dodging        | |  2.1

Action                   || total
-------------------------++-------
Melee: Hand axe          ||    50
       Headbutt          ||    10
  Eat: Chunk             ||     3
Armor: Animal skin       ||    11
Dodge: Dodged            ||    30
